 Dungeon Crawl Stone Soup version 0.22.1-2-g9c5b331383 (webtiles) character file.

6388 Elric the Slinger (level 11, -10/75 HPs)
             Began as a Halfling Hunter on Nov 25, 2018.
             Was a Priest of Ashenzari.
             Mangled by Snorg (17 damage)
             ... on level 9 of the Dungeon.
             The game lasted 00:20:39 (10156 turns).

Elric the Slinger (Halfling Hunter)                Turns: 10156, Time: 00:20:40

Health: -10/75     AC: 15    Str: 18    XL:     11   Next: 17%
Magic:  11/11      EV: 19    Int:  9    God:    Ashenzari [***...]
Gold:   337        SH:  0    Dex: 19    Spells: 10/10 levels left

rFire    + . .     SeeInvis +   v - +3 hunting sling
rCold    . . .     Gourm    .   (shield restricted)
rNeg     . . .     Faith    .   I - +2 scale mail {rF+} (curse)
rPois    +         Spirit   .   (no helmet)
rElec    .         Reflect  .   H - scarf {cloud immunity} (curse)
rCorr    .         Harm     .   n - +2 pair of gloves (curse)
MR       .....                  y - +1 pair of boots (curse)
Stlth    +++.......             u - amulet of regeneration (curse)
HPRegen  0.62/turn              z - ring of poison resistance
MPRegen  0.12/turn              (no ring)

@: mighty
A: small, mutation resistance 1
a: Curse Item, Scrying, Renounce Religion


You were on level 9 of the Dungeon.
You worshipped Ashenzari.
Ashenzari was most pleased with you.
You were not hungry.

You visited 1 branch of the dungeon, and saw 10 of its levels.
You also visited: Ossuary.

You collected 729 gold pieces.
You spent 392 gold pieces at shops.

Inventory:

Hand Weapons
 a - a +2 hunting sling
 b - a +0 short sword
 v - a +3 hunting sling (weapon)
 F - a +0 fustibalus
Missiles
 e - 340 stones (quivered)
Armour
 c - a +0 leather armour
 n - a cursed +2 pair of gloves (worn)
 y - a cursed +1 pair of boots (worn)
 H - a cursed scarf of cloud immunity (worn)
 I - a cursed +2 scale mail of fire resistance (worn)
Jewellery
 h - an uncursed ring of ice
 u - a cursed amulet of regeneration (around neck)
 z - a ring of poison resistance (left hand)
 G - an uncursed ring of resist corrosion
Wands
 B - a wand of flame (39)
Scrolls
 i - 8 scrolls of identify
 k - a scroll of immolation
 l - 4 scrolls of amnesia
 q - 2 scrolls of enchant weapon
 r - 7 scrolls of teleportation
 t - a scroll of remove curse
 D - a scroll of blinking
 K - a scroll of magic mapping {unknown}
 L - a scroll of enchant armour
 M - a scroll of summoning {unknown}
 N - a scroll of acquirement {unknown}
Potions
 d - a potion of mutation {unknown}
 g - 3 potions of lignification {unknown}
 j - 4 potions of heal wounds
 m - a potion of flight
 o - 2 potions of brilliance {unknown}
 p - 2 potions of might
 s - 3 potions of berserk rage
 w - 4 potions of curing {unknown}
 x - a potion of haste {unknown}
 A - 2 potions of magic {unknown}
 C - 3 potions of invisibility {unknown}
 E - 3 potions of degeneration {unknown}
Comestibles
 f - 9 rations


   Skills:
 + Level 7.0 Fighting
 * Level 14.5 Slings
 + Level 5.3(7.2) Armour
 + Level 7.3(9.3) Dodging
 + Level 7.9 Stealth


You had 10 spell levels left.
You didn't know any spells.
Your spell library contained the following spells:

 Spells                   Type           Power        Failure   Level  Hunger
 Animate Skeleton         Necr           N/A          75%         1    ##.....
 Apportation              Tloc           #.....       75%         1    ##.....
 Beastly Appendage        Tmut           #.....       75%         1    ##.....
 Confusing Touch          Hex            #.....       75%         1    ##.....
 Magic Dart               Conj           #...         75%         1    ##.....
 Summon Small Mammal      Summ           #...         75%         1    ##.....
 Blink                    Tloc           N/A          86%         2    ###....
 Call Imp                 Summ           #.......     86%         2    ###....
 Slow                     Hex            #.......     86%         2    ###....
 Sticks to Snakes         Tmut           #.......     86%         2    ###....
 Conjure Flame            Conj/Fire      #.......     98%         3    ####...
 Mephitic Cloud           Conj/Pois/Air  #.......     98%         3    ####...
 Spider Form              Tmut/Pois      #.........   98%         3    ####...
 Ice Form                 Ice/Tmut       #.......     100%        4    #####..
 Blade Hands              Tmut           #.........   100%        5    ######.


Dungeon Overview and Level Annotations

Branches:
Dungeon (10/15)            Temple (0/1) D:5             Orc (0/2) D:9
   Lair: D:8-11

Altars:
Ashenzari
Fedhas
Hepliaklqana
Okawaru
Trog
Yredelemnul
The Shining One

Shops:
D:9 [

Annotations:
D:9 Snorg


Innate Abilities, Weirdness & Mutations

You are small and have problems with some larger weapons.
You are somewhat resistant to further mutation.


Message History

You shoot a stone.
The stone hits Snorg but does no damage.
Snorg is severely wounded.
Snorg closely misses you. Snorg claws you. Snorg claws you!
Firing (i - inventory)
e - 341 stones (quivered)
Press: ? - help, Shift-Dir - straight line, f/p - Snorg
Aim: Snorg (severely wounded, berserk, fast, unusually strong)
You shoot a stone. The stone hits Snorg.
Snorg is severely wounded.
Snorg bites you.
* * * LOW HITPOINT WARNING * * *
Snorg claws you.
* * * LOW HITPOINT WARNING * * *
Snorg claws you!
* * * LOW HITPOINT WARNING * * *
Okay, then.
You feel much better. Snorg bites you!!
* * * LOW HITPOINT WARNING * * *
Snorg claws you!
You die...

.......##'#...........# #.
########..#...........##########.
..........#......................
..........#.......>..............
######....#......###########.....
# #....#......#.........#..... #
#....#......#.........#..... #
#....#......#.........'.....
######....#.....@#.........#.....
..........#.....T#.........#.....
..........#......#######'###)....
..........'...........((....(..^.
..........#......................
###########.....(.........>......
............##########...........
............#.....)..########....
............#...............#....


You could see Snorg (berserk).

Vanquished Creatures
  A troll (D:5)
  A hippogriff (D:8)
  6 yaks (D:9)
  5 water moccasins
  3 ice beasts
  An orc warrior (D:10)
  3 phantoms
  A sky beast (D:5)
  2 necrophages
  3 ogres
  4 centaurs
  A bullfrog (D:6)
  A wyvern zombie (D:7)
  9 scorpions
  15 killer bees
  2 wights (D:8)
  5 howler monkeys
  3 crimson imps
  2 centaur zombies
  A gnoll shaman (D:5)
  An orc priest (D:9)
  3 hounds
  2 jellies
  A bullfrog zombie (D:9)
  4 human zombies (Ossuary)
  A bullfrog skeleton (D:8)
  Natasha (thrice) (D:3)
  An iguana (D:10)
  10 orc wizards
  9 worker ants
  3 big kobold zombies (Ossuary)
  A howler monkey zombie (D:5)
  3 mummies (Ossuary)
  15 adders
  6 gnolls
  3 scorpion zombies (Ossuary)
  3 shadow imps
  An ooze (D:2)
  An adder zombie (D:9)
  4 worms
  A dart slug (D:1)
  3 leopard geckos
  25 orcs
  8 bats
  6 giant cockroaches
  A gnoll zombie (Ossuary)
  10 hobgoblins
  14 jackals
  3 quokkas
  3 ball pythons
  7 frilled lizards
  10 goblins
  4 goblin zombies (Ossuary)
  2 hobgoblin zombies (Ossuary)
  15 kobolds
  A kobold zombie (Ossuary)
  A leopard gecko skeleton (D:4)
  2 quokka zombies
  14 rats
  A rat zombie (D:8)
275 creatures vanquished.

Notes
Turn   | Place    | Note
-------+----------+-------------------------------------------
     0 | D:1      | Elric the Halfling Hunter began the quest for the Orb.
     0 | D:1      | Reached XP level 1. HP: 14/14 MP: 1/1
    34 | D:1      | Reached skill level 6 in Slings
    62 | D:1      | Reached XP level 2. HP: 18/19 MP: 2/2
   304 | D:1      | Reached XP level 3. HP: 25/25 MP: 3/3
   713 | D:2      | Found a shattered altar of Ashenzari.
   731 | D:2      | Noticed a phantom
   742 | D:2      | Killed a phantom
   742 | D:2      | Reached skill level 7 in Slings
   742 | D:2      | Reached XP level 4. HP: 28/31 MP: 4/4
   742 | D:2      | Reached XP level 5. HP: 33/36 MP: 5/5
   874 | D:2      | Became a worshipper of Ashenzari the Shackled
  1319 | D:3      | Reached skill level 8 in Slings
  1399 | D:3      | Reached XP level 6. HP: 43/43 MP: 6/6
  1747 | D:3      | Noticed Natasha
  1749 | D:3      | Killed Natasha
  1990 | D:3      | Noticed Natasha
  1993 | D:3      | Killed Natasha
  2077 | D:3      | Reached * piety under Ashenzari
  2135 | D:3      | Noticed Natasha
  2140 | D:3      | Killed Natasha
  2140 | D:3      | Reached XP level 7. HP: 44/48 MP: 7/7
  2365 | D:4      | Reached skill level 9 in Slings
  3239 | D:4      | Reached XP level 8. HP: 54/54 MP: 8/8
  3565 | D:5      | Entered Level 5 of the Dungeon
  3660 | D:5      | Reached skill level 10 in Slings
  3891 | D:4      | Found a bloodstained altar of Trog.
  3891 | D:4      | Found an iron altar of Okawaru.
  4580 | D:5      | Reached skill level 5 in Fighting
  4624 | D:5      | Found a staircase to the Ecumenical Temple.
  4652 | D:5      | Noticed a troll
  4663 | D:5      | Killed a troll
  4663 | D:5      | Reached skill level 11 in Slings
  4868 | D:5      | Reached XP level 9. HP: 61/61 MP: 9/9
  5176 | D:6      | Reached ** piety under Ashenzari
  5176 | D:6      | Found a hazy altar of Hepliaklqana.
  5199 | D:6      | Reached skill level 5 in Dodging
  5216 | D:6      | Reached skill level 1 in Armour
  5216 | D:6      | Reached skill level 5 in Stealth
  5798 | D:6      | Noticed a moth of wrath
  5801 | D:6      | Found a bloodstained altar of Trog.
  6520 | D:7      | Reached skill level 12 in Slings
  6855 | D:7      | Found a blossoming altar of Fedhas.
  7110 | D:8      | Found a shattered altar of Ashenzari.
  7488 | D:8      | Found a sand-covered staircase.
  7495 | Ossuary  | Entered an ossuary
  7667 | Ossuary  | Reached XP level 10. HP: 68/68 MP: 10/10
  8288 | D:8      | Reached skill level 13 in Slings
  8509 | D:9      | Found a basalt altar of Yredelemnul.
  8843 | D:9      | Found a staircase to the Orcish Mines.
  8844 | D:9      | Found Fyum's Armour Boutique.
  8914 | D:9      | Found a glowing golden altar of the Shining One.
  8924 | D:9      | Bought a scarf of cloud immunity for 98 gold pieces
  8924 | D:9      | Bought a +2 scale mail of fire resistance for 294 gold
                  | pieces
  9513 | D:9      | Reached skill level 14 in Slings
  9616 | D:10     | Entered Level 10 of the Dungeon
  9746 | D:10     | Reached XP level 11. HP: 61/74 MP: 11/11
  9754 | D:10     | Reached skill level 5 in Armour
  9827 | D:10     | Reached *** piety under Ashenzari
 10070 | D:10     | Noticed Snorg
 10156 | D:9      | Mangled by Snorg

Skill      XL: |  1  2  3  4  5  6  7  8  9 10 11 |
---------------+----------------------------------+-----
Fighting       | 2 3 4 5 6 7 |  7.0
Slings         | 6 7 8 9 11 12 14 | 14.5
Stealth        | 2 3 4 6 7 |  7.9
Dodging        | 3 4 5 7 |  7.3
Armour         | 3 4 5 |  5.3

Action                   |  1- 3 |  4- 6 |  7- 9 | 10-12 || total
-------------------------+-------+-------+-------+-------++-------
 Fire: Hunting sling     |   111 |   172 |   463 |   518 ||  1264
Invok: Curse Item        |       |       |     3 |     2 ||     5
       Scrying           |       |       |     1 |       ||     1
  Use: Scroll            |       |       |    13 |     1 ||    14
       Potion            |       |       |     2 |     5 ||     7
  Eat: Chunk             |       |     1 |     3 |     2 ||     6
       Ration            |       |     1 |     3 |     2 ||     6
Armor: Leather armour    |    10 |     5 |     9 |     9 ||    33
       Scale mail        |       |       |       |    38 ||    38
Dodge: Dodged            |    35 |    30 |    69 |   176 ||   310
